 Dungeon Crawl Stone Soup version 0.27.1-34-g3ba077fa99 (webtiles) character file.

Game seed: 10997823243745987975

3372 MacCMillion the Fighter (level 10, -3/59 (65) HPs)
             Began as a Tengu Venom Mage on Jan 3, 2022.
             Was an Initiate of Gozag.
             Slain by a wight (13 damage)
             ... on level 8 of the Dungeon.
             The game lasted 01:12:56 (13554 turns).

MacCMillion the Fighter (Tengu Venom Mage)         Turns: 13554, Time: 01:12:57

HP:   -3/59 (65)    AC:  2    Str:  9    XL:     10   Next: 3%
MP:   24/24         EV: 17    Int: 19    God:    Gozag
Gold: 572           SH:  0    Dex: 20    Spells: 2/15 levels left

rFire    . . .     SeeInvis .   b - staff of poison
rCold    . . .     Faith    .   (no shield)
rNeg     . . .     Spirit   .   i - +0 robe
rPois    +         Reflect  .   (helmet restricted)
rElec    .         Harm     .   (no cloak)
rCorr    .         Rampage  .   (no gloves)
Will     .....                  (boots unavailable)
Stlth    ++........             (no amulet)
HPRegen  0.19/turn              q - +6 ring of dexterity
MPRegen  0.19/turn              o - ring of magical power

@: gold aura, flying quickly and evasively, drained, quick
A: beak, talons 3, nimble flight
a: Renounce Religion, Potion Petition, Call Merchant, Bribe Branch


You were on level 8 of the Dungeon.
You worshipped Gozag.
Gozag was pleased with you.
You visited 1 branch of the dungeon, and saw 8 of its levels.
You also visited: Sewer.

You collected 1129 gold pieces.
You spent 468 gold pieces at shops.
You paid 89 gold pieces to Gozag.

Inventory:

Hand Weapons
 a - a +7 club
Missiles
 d - 6 javelins
 g - 15 poisoned darts
 y - 2 throwing nets
Armour
 i - a +0 robe (worn)
Magical Staves
 b - a staff of poison (weapon)
 r - a staff of cold
Jewellery
 o - a ring of magical power (right hand)
 q - a +6 ring of dexterity (left hand)
Wands
 c - a wand of flame (5)
Scrolls
 h - a scroll of vulnerability {unknown}
 j - a scroll of amnesia
 n - 2 scrolls of magic mapping {unknown}
 s - a scroll of immolation {unknown}
 t - 2 scrolls of noise
Potions
 e - 2 potions of might
 f - 2 potions of brilliance
 k - 10 potions of curing
 l - a potion of heal wounds
 m - a potion of cancellation {unknown}
 p - a potion of magic {unknown}
 v - a potion of resistance {unknown}
 w - 3 potions of haste {unknown}
 x - a potion of mutation {unknown}


   Skills:
 - Level 8.4 Fighting
 - Level 3.4 Staves
 - Level 3.9 Dodging
 - Level 2.0 Stealth
 - Level 3.0 Spellcasting
 - Level 4.0 Conjurations
 + Level 2.0 Transmutations
 - Level 3.0 Fire Magic
 - Level 5.0 Air Magic
 + Level 7.0 Poison Magic
 - Level 3.0 Evocations


You had 2 spell levels left.
You knew the following spells:

 Your Spells              Type           Power      Damage    Failure   Level
a - Sting                 Tmut/Pois      100%       1d8       2%          1
b - Poisonous Vapours     Pois/Air       76%        N/A       1%          2
c - Mephitic Cloud        Conj/Pois/Air  34%        N/A       4%          3
d - Ignite Poison         Fire/Tmut/Pois 27%        N/A       9%          3
e - Olgreb's Toxic Radia  Pois           44%        N/A       9%          4

Your spell library contained the following spells:

 Spells                   Type           Power      Damage    Failure   Level
 Summon Small Mammal      Summ           8%         N/A       16%         1
 Call Canine Familiar     Summ           2%         N/A       41%         3
 Summon Guardian Golem    Hex/Summ       2%         N/A       41%         3
 Tukima's Dance           Hex            2%         N/A       41%         3
 Passage of Golubria      Tloc           N/A        N/A       83%         4
 Summon Ice Beast         Ice/Summ       2%         N/A       83%         4
 Yara's Violent Unravell  Hex/Tmut       3%         3d4       95%         5
 Ozocubu's Refrigeration  Ice            1%         4d5       100%        7
 Ignition                 Fire           7%         3d4       100%        8


Dungeon Overview and Level Annotations

Branches:
Dungeon (8/15)             Temple (0/1) D:5           Sewer (visited)
   Lair: D:8-11

Altars:
Dithmenos
Fedhas
Gozag
Hepliaklqana
Makhleb
Sif Muna
Trog
Wu Jian

Shops:
D:2 (   D:3 [(   D:5 :


Innate Abilities, Weirdness & Mutations

You have a beak for a mouth.
You have claws for feet.
Your magical nature lets you fly swiftly and evasively.


Message History

The wight barely misses you.
The wight hits you from afar with a +1 trident of freezing!
You feel drained. The wight freezes you. The orc skeleton barely misses you.
There is an open door here.
You hit the orc skeleton. You claw the orc skeleton. You peck the orc skeleton.
The orc skeleton is almost destroyed.
The wight barely misses you.
You hit the orc skeleton.
You destroy the orc skeleton!
You hear some strange, mumbled words.
You are confused.
The wight barely misses you.
You're too confused to move!
The wight misses you.
Unknown command.
Something hits you but does no damage. Something bites you.
Something draws strength from your injuries!
The wight closely misses you.
You hear some strange, mumbled words.
Something tries to affect you, but you resist.
The wight hits you from afar with a +1 trident of freezing!
The wight freezes you.
There is an open door, spattered with blood here.
You bump into the stone wall.
You hear some strange, mumbled words.
You are more confused.
The wight hits you from afar with a +1 trident of freezing.
You feel drained. The wight freezes you.
You're too confused to move!
The wight hits you from afar with a +1 trident of freezing.
You feel drained. The wight freezes you.
* * * LOW HITPOINT WARNING * * *
You see here 7 gold pieces.
You feel better. Something hits you!
* * * LOW HITPOINT WARNING * * *
Something bites you.
* * * LOW HITPOINT WARNING * * *
Something draws strength from your injuries!
The wight hits you from afar with a +1 trident of freezing!
You die...
Your body crumbles into a pile of gold.

.# ..# ..# #.#
..# #.#
#+#######.#
#..@'....!###
#####z......#
##..>...#
..####......#
..........|.#
####.##.##.....#
.....##.##..####
#....<...#
#.##.##.##


You could see a wight.

Vanquished Creatures
  Pikel (D:7)
  Maggie (D:6)
  Prince Ribbit (D:6)
  A wyvern (D:6)
  A water moccasin (D:7)
  2 sky beasts (D:5)
  2 necrophages
  3 ogres
  2 phantoms
  Blork the orc (D:5)
  2 bullfrogs
  2 scorpions
  2 centaur zombies
  2 hounds
  A jelly (D:6)
  2 gnoll shamans
  A centaur skeleton (D:5)
  5 orc priests
  2 bullfrog skeletons
  Jessica (D:2)
  2 iguanas
  4 orc wizards
  A hound zombie (D:5)
  A hound skeleton (D:4)
  A howler monkey zombie (D:4)
  A howler monkey skeleton (D:6)
  17 gnolls
  11 adders
  5 river rats (Sewer)
  A shadow imp (D:6)
  2 ufetubi (D:4)
  3 worms (D:3)
  2 dart slugs (D:4)
  24 orcs
  5 bats
  6 endoplasms
  4 giant cockroaches
  4 goblins
  4 hobgoblins
  3 jackals (D:1)
  25 kobolds
  9 quokkas
  11 ball pythons
  2 frilled lizards (Sewer)
  An orc skeleton (D:8)
  33 rats
217 creatures vanquished.

Vanquished Creatures (others)
  4 toadstools (D:1)
  5 withered plants (D:7)
9 creatures vanquished.

Grand Total: 226 creatures vanquished

Notes
Turn   | Place    | Note
-------+----------+-------------------------------------------
     0 | D:1      | MacCMillion the Tengu Venom Mage began the quest for the
                  | Orb.
     0 | D:1      | Reached XP level 1. HP: 10/10 MP: 4/4
   244 | D:1      | Reached XP level 2. HP: 15/15 MP: 3/6
   289 | D:1      | Learned a level 2 spell: Poisonous Vapours
   312 | D:1      | Reached skill level 1 in Transmutations
   573 | D:1      | Reached skill level 1 in Air Magic
   640 | D:1      | Reached XP level 3. HP: 16/19 MP: 4/7
  1447 | D:2      | Found Zeih's Weapon Shoppe.
  1454 | D:2      | Reached XP level 4. HP: 24/24 MP: 6/8
  1742 | D:2      | Noticed Jessica
  1753 | D:2      | Killed Jessica
  2537 | D:2      | Gained mutation: Your magical nature lets you fly swiftly
                  | and evasively. [Tengu growth]
  2537 | D:2      | Reached XP level 5. HP: 28/28 MP: 7/10
  2710 | D:3      | Found Lall's Antique Weapon Shop.
  2781 | D:3      | Found an ornate altar of the Wu Jian Council.
  3314 | D:3      | Reached skill level 1 in Fighting
  3951 | D:3      | Found Kikuof's Antique Armour Shop.
  4047 | D:3      | Reached XP level 6. HP: 34/34 MP: 8/11
  4525 | D:3      | Noticed a necrophage
  4804 | D:3      | Killed a necrophage
  4805 | D:3      | Reached skill level 2 in Fighting
  4935 | D:3      | Reached skill level 5 in Poison Magic
  5963 | D:4      | Reached XP level 7. HP: 40/40 MP: 12/12
  6046 | D:4      | Learned a level 3 spell: Mephitic Cloud
  6418 | D:4      | Found an opulent altar of Gozag.
  6553 | D:4      | Found a burning altar of Makhleb.
  6579 | D:4      | Reached skill level 5 in Air Magic
  6608 | D:4      | Became a worshipper of Gozag Ym Sagoz the Greedy
  7129 | D:4      | Reached skill level 3 in Fighting
  7800 | D:5      | Entered Level 5 of the Dungeon
  8107 | D:5      | Reached skill level 1 in Conjurations
  8150 | D:5      | Reached skill level 4 in Fighting
  8150 | D:5      | Reached skill level 1 in Evocations
  8150 | D:5      | Reached XP level 8. HP: 48/48 MP: 12/13
  8208 | D:5      | Found Qaxkaher's Book Shop.
  8348 | D:5      | Found a glowing drain.
  8361 | Sewer    | Entered a sewer
  9831 | D:5      | Found a staircase to the Ecumenical Temple.
  9860 | D:5      | Reached skill level 5 in Fighting
 10160 | D:5      | Found a shimmering blue altar of Sif Muna.
 10274 | D:5      | Bought the Tome of Flamy Companions for 468 gold pieces
 10278 | D:5      | Learned a level 3 spell: Ignite Poison
 10555 | D:5      | Noticed Blork the orc
 10632 | D:5      | Killed Blork the orc
 10880 | D:6      | Noticed Maggie
 10890 | D:6      | Reached skill level 6 in Fighting
 10950 | D:6      | Killed Maggie
 10951 | D:6      | Reached skill level 7 in Fighting
 10951 | D:6      | Reached XP level 9. HP: 33/57 MP: 5/14
 11153 | D:6      | Reached skill level 1 in Fire Magic
 11666 | D:6      | Noticed Prince Ribbit
 11679 | D:6      | Reached skill level 1 in Staves
 11682 | D:6      | Killed Prince Ribbit
 11792 | D:6      | Reached skill level 8 in Fighting
 11923 | D:6      | Found a bloodstained altar of Trog.
 12126 | D:6      | Found a hazy altar of Hepliaklqana.
 12330 | D:7      | Found a shadowy altar of Dithmenos.
 12407 | D:7      | Found a blossoming altar of Fedhas.
 12568 | D:7      | Learned a level 4 spell: Olgreb's Toxic Radiance
 12680 | D:7      | Noticed Pikel
 12689 | D:7      | Killed Pikel
 12690 | D:7      | Reached XP level 10. HP: 65/65 MP: 10/15
 12827 | D:7      | Identified the +4 long sword of Ruination {speed, rCorr
                  | Dex+2}
 13554 | D:8      | Slain by a wight

Illustrated notes

Levels and vault maps discovered:
D:1:      lemuel_arrival_cross, layout_rooms, minmay_gold_behind_fungi
D:2:      layout_basic, serial_shops, shop_fountains, uniq_jessica
D:3:      layout_basic, pdpol_wu_jian_five_deadly_venoms, serial_shops,
          nicolae_shop_statue_plus, nicolae_shop_crystal, grunt_ministairs_8,
          minmay_misc_feat_doors, kennysheep_potato
D:4:      layout_layer_cave, mainiacjoe_overflow_catwalk,
          nicolae_gozag_cash_rules_everything_around_me, nrook_campfire
D:5:      layout_loops_corners, lemuel_coloured_pillars_altar, temple_pool_b,
          serial_shops, shop, portal_sewer_entry_e, minmay_strange_pillars,
          uniq_blork_the_orc, uniq_grinder
D:6:      layout_loops_ring, kennysheep_mini, mainiacjoe_overflow_alcove_2,
          uniq_prince_ribbit1, uniq_maggie
D:7:      layout_basic, fedhas_altar_2, nicolae_overflow_crystal_walls,
          grunt_dithmenos_smoke, serial_undead, serial_undead_f,
          serial_undead_d, serial_undead_b, serial_undead_d, uniq_pikel
D:8:      layout_loops_cross, xom_shifter_show,
          mainiacjoe_overflow_surrounded_room, enter_bailey_2,
          ebering_ghost_disaster_area, nicolae_ossuary_entry_catacombs,
          uniq_harold

Skill      XL: |  1  2  3  4  5  6  7  8  9 10 |
---------------+-------------------------------+-----
Transmutations | 1 2 |  2.0
Air Magic      | 1 2 3 4 5 |  5.0
Poison Magic   | 4 5 6 7 |  7.0
Spellcasting   | 3 |  3.0
Fighting       | 1 2 4 7 8 |  8.4
Dodging        | 3 |  3.9
Conjurations   | 2 4 |  4.0
Evocations     | 1 3 |  3.0
Fire Magic     | 3 |  3.0
Staves         | 3 |  3.4
Stealth        | |  2.0

Action                   |  1- 3 |  4- 6 |  7- 9 | 10-12 || total
-------------------------+-------+-------+-------+-------++-------
Melee: Unarmed           |     2 |       |       |       ||     2
       Club              |       |    20 |    68 |       ||    88
       Kick              |       |     4 |    32 |     2 ||    38
       Peck              |       |     2 |    17 |     2 ||    21
       Staff             |       |       |    20 |     6 ||    26
 Cast: Sting             |    49 |    93 |    44 |       ||   186
       Poisonous Vapours |    10 |    41 |   158 |     4 ||   213
       Mephitic Cloud    |       |       |    29 |       ||    29
       Ignite Poison     |       |       |     4 |       ||     4
       Olgreb's Toxic Ra |       |       |       |     1 ||     1
Evoke: Wand              |       |       |     5 |       ||     5
  Use: Scroll            |       |     3 |     7 |     1 ||    11
       Potion            |       |       |     2 |     1 ||     3
 Stab: Distracted        |       |       |     1 |       ||     1
Armor: Robe              |     1 |     9 |    12 |     2 ||    24
Dodge: Dodged            |    13 |    39 |   101 |    29 ||   182
